AoeStats
← ozgurdgs

Fortress

508280350Analyzed
3v3 RM · 11d ago on Sep 21, 2026· 58m 44s· 6 players
Game mode
Random Map
Map size
Large (8 player)
Population
200
Speed
Normal
Resources
Standard
Victory
Conquest
Starting age
Dark Age
Ending age
Imperial Age
RankedLock teamsTeams togetherTeam positionsShared explorationLock speedFull tech treeHidden civsTurbo modeCheats
Victory
Defeat
🇹🇷 Teutons · Türkiye
1035
+13
🇹🇷 Franks · Türkiye
920
+17
🇹🇷 Khmer · Türkiye
910
+18
🇬🇧 Goths · United Kingdom
973
-17
🇫🇷 Saracens · France
954
-16
🇩🇪 Bohemians · Germany
937
-15
ben00mon
6:08 Loom
8:23 Feudal Age
13:33 Castle Age
14:03 Wheelbarrow
13:11 Horse Collar
13:20 Double-Bit Axe
23:08 Imperial Age
20:56 Bow Saw
22:57 Heavy Plow
23:30 Pikeman
24:07 Fletching
24:41 Hand Cart
26:49 Chemistry
27:27 Two-Man Saw
28:26 Town Watch
29:10 Ballistics
30:04 Houfnice
31:37 Murder Holes
31:50 Wagenburg Tactics
33:56 Elite Hussite Wagon
34:57 Conscription
40:07 Fortified Wall
41:31 Caravan
46:35 Siege Engineers
46:32 Bodkin Arrow
46:38 Padded Archer Armor
46:49 Forging
48:54 Halberdier
49:37 Squires
49:22 Arson
53:43 Onager
58:46 Hussite Reforms
Clockwise Haggis
1:13 Loom
8:12 Feudal Age
9:13 Horse Collar
9:22 Double-Bit Axe
14:41 Castle Age
16:37 Forging
16:28 Scale Mail Armor
16:34 Scale Barding Armor
16:29 Padded Archer Armor
16:20 Fletching
17:42 Wheelbarrow
16:52 Town Watch
19:32 Heavy Plow
22:24 Anarchy
23:18 Town Patrol
25:07 Hand Cart
25:14 Bow Saw
29:13 Imperial Age
28:25 Squires
27:46 Pikeman
28:45 Chain Mail Armor
29:07 Iron Casting
28:29 Bodkin Arrow
30:24 Conscription
31:03 Crop Rotation
31:46 Two-Man Saw
32:10 Blast Furnace
31:04 Elite Huskarl
32:45 Halberdier
39:12 Bracer
40:46 Guilds
40:38 Caravan
43:07 Husbandry
43:18 Bloodlines
44:54 Light Cavalry
45:00 Elite Skirmisher
47:06 Hussar
48:34 Ballistics
48:09 Murder Holes
49:16 Chemistry
aegis38
3:10 Loom
8:31 Feudal Age
10:15 Horse Collar
12:08 Double-Bit Axe
15:02 Gold Mining
17:22 Castle Age
16:14 Stone Mining
16:38 Bloodlines
18:48 Husbandry
20:44 Forging
20:40 Scale Barding Armor
22:03 Wheelbarrow
23:31 Heavy Plow
25:51 Iron Casting
27:10 Fortified Wall
31:28 Imperial Age
30:15 Town Watch
31:13 Gold Shaft Mining
31:00 Bow Saw
31:16 Ballistics
30:50 Fletching
31:07 Guard Tower
31:57 Chain Barding Armor
31:33 Bodkin Arrow
31:34 Elite Mameluke
33:48 Plate Barding Armor
33:38 Conscription
34:00 Onager
34:50 Siege Engineers
35:04 Heavy Camel Rider
37:41 Counterweights
37:36 Bracer
39:12 Chemistry
38:08 Murder Holes
40:57 Hoardings
46:41 Light Cavalry
49:22 Caravan
52:32 Blast Furnace
<<PaPaRoZ>>
8:19 Feudal Age
9:11 Double-Bit Axe
12:08 Castle Age
10:29 Horse Collar
14:49 Loom
15:39 Wheelbarrow
14:52 Town Watch
16:47 Gold Mining
17:47 Fletching
20:22 Bloodlines
21:18 Stone Mining
22:16 Bow Saw
25:21 Ballistics
26:22 Bodkin Arrow
26:34 Scale Barding Armor
29:16 Imperial Age
28:21 Masonry
28:27 Forging
29:00 Hand Cart
30:27 Conscription
30:34 Crenellations
31:32 Chemistry
30:21 Cavalier
31:19 Heavy Plow
32:30 Hoardings
32:31 Fervor
32:44 Sanctity
33:02 Padded Archer Armor
45:04 Heavy Scorpion
46:43 Elite Teutonic Knight
47:50 Caravan
58:42 Iron Casting
58:08 Scale Mail Armor
60:23 Blast Furnace
ozgurdgs
9:28 Feudal Age
12:08 Castle Age
10:17 Double-Bit Axe
12:22 Horse Collar
13:18 Loom
14:09 Wheelbarrow
21:46 Bow Saw
22:02 Heavy Plow
25:37 Hand Cart
28:17 Imperial Age
26:04 Caravan
30:51 Conscription
30:46 Caravan
32:34 Heavy Scorpion
33:28 Bloodlines
33:19 Husbandry
33:42 Ballistics
34:26 Chemistry
33:32 Siege Engineers
33:38 Scale Barding Armor
33:43 Forging
34:55 Double Crossbow
34:56 Tusk Swords
35:25 Elite Battle Elephant
39:51 Double Crossbow
39:53 Tusk Swords
40:26 Chain Barding Armor
40:41 Iron Casting
39:41 Light Cavalry
39:45 Elite Battle Elephant
42:06 Hussar
46:03 Plate Barding Armor
46:28 Blast Furnace
kaplanca
8:59 Feudal Age
9:57 Double-Bit Axe
13:54 Castle Age
13:08 Gold Mining
15:15 Bow Saw
16:12 Gold Shaft Mining
20:34 Stone Mining
22:10 Wheelbarrow
23:17 Hand Cart
23:29 Loom
29:05 Imperial Age
26:52 Forging
28:37 Iron Casting
28:18 Town Watch
29:27 Husbandry
29:44 Town Patrol
30:52 Chemistry
30:04 Cavalier
33:01 Blast Furnace
32:06 Scale Barding Armor
32:46 Paladin
44:31 Murder Holes
44:58 Chain Barding Armor
Connection lost

Rejoining the realm…

Still unreachable

The connection could not be restored.

Session expired

The server has moved on; the page needs a fresh start.